 Dungeon Crawl Stone Soup version 0.28-a0-1033-g1a2f33fa85 (webtiles) character file.

Game seed: 13444140192475250374

0 Crownlay the Digger (level 1, 11/11 HPs)
             Began as an Octopode Earth Elementalist on Dec 6, 2021.
             Quit the game on level 1 of the Dungeon on Dec 7, 2021.
             The game lasted 00:03:58 (33 turns).

Crownlay the Digger (Octopode Earth Elementalist)     Turns: 33, Time: 00:03:59

Health: 11/11      AC:  1    Str:  7    XL:     1   Next: 0%
Magic:  3/3        EV: 13    Int: 17    God:
Gold:   0          SH:  0    Dex: 12    Spells: 3/4 levels left

rFire   . . .      SeeInvis .   (no weapon)
rCold   . . .      Faith    .   (no shield)
rNeg    . . .      Spirit   .   (helmet restricted)
rPois   .          Reflect  .   (no amulet)
rElec   .          Harm     .   (no ring)
rCorr   .          Rampage  .   (no ring)
Will    .....                   (no ring)
Stlth   +++.......              (no ring)
HPRegen 0.03/turn               (no ring)
MPRegen 0.08/turn               (no ring)
                                (no ring)
                                (no ring)

@: no status effects
A: almost no armour, amphibious, 8 rings, camouflage 1, gelatinous body 1,
(nimble swimmer 1), tentacles
a: no special abilities


You were on level 1 of the Dungeon.
You visited 1 branch of the dungeon, and saw 1 of its levels.

Inventory:

Missiles
 b - 30 stones


   Skills:
 + Level 2.0 Dodging
 + Level 2.6 Stealth
 + Level 2.0 Spellcasting
 + Level 1.0 Transmutations
 + Level 3.0 Earth Magic


You had 3 spell levels left.
You knew the following spells:

 Your Spells              Type           Power      Damage    Failure   Level
a - Sandblast             Erth           22%        2d7       5%          1

Your spell library contained the following spells:

 Spells                   Type           Power      Damage    Failure   Level
 Passwall                 Tmut/Erth      6%         N/A       13%         2
 Stone Arrow              Conj/Erth      12%        3d7       30%         3
 Petrify                  Tmut/Erth      8%         N/A       63%         4


Dungeon Overview and Level Annotations

Branches:
Dungeon (1/15)

Altars:


Innate Abilities, Weirdness & Mutations

You cannot wear most types of armour.
You are amphibious.
You can wear up to eight rings at the same time.
Your skin changes colour to match your surroundings (Stealth+).
Your rubbery body absorbs attacks. (AC +1, EV +1)
((You are camouflaged near water. (Stealth+)))
You have tentacles for arms and can constrict up to eight enemies at once.


Message History

You can't go up here!
You can't go down here!
You can't go down here!
You tentacle-slap the plant but do no damage.
You grab the plant.
The plant begins to die.
You squeeze the plant!
The plant is lightly damaged.
You constrict the plant. You tentacle-slap the plant.
The plant is lightly damaged.
You constrict the plant.
You tentacle-slap the plant but do no damage.
The plant is lightly damaged.
You constrict the plant. You tentacle-slap the plant.
The plant is lightly damaged.
You constrict the plant.
You tentacle-slap the plant but do no damage.
You squeeze the plant.
The plant is lightly damaged.
You constrict the plant.
A nearby plant withers and dies.
You lose your grip on the plant.
Okay, then.
You tentacle-slap the plant.
The plant begins to die.
You grab the plant.
The plant is lightly damaged.
You constrict the plant.
Describe a (M)onster, (S)pell, s(K)ill, (A)bility, (C)ard, (I)tem, (F)eature, (G)od, (B)ranch, c(L)oud or s(T)atus?
Describe a ability; partial names and regexps are fine.
Describe what?
Okay, then.
Describe a (M)onster, (S)pell, s(K)ill, (A)bility, (C)ard, (I)tem, (F)eature, (G)od, (B)ranch, c(L)oud or s(T)atus?
Okay, then.
Describe a (M)onster, (S)pell, s(K)ill, (A)bility, (C)ard, (I)tem, (F)eature, (G)od, (B)ranch, c(L)oud or s(T)atus?
Okay, then.
You can't go up here!
Unknown command.
Unknown command.
Welcome back, Crownlay the Octopode Earth Elementalist.
Press ? for a list of commands and other information.
Welcome back, Crownlay the Octopode Earth Elementalist.
Press ? for a list of commands and other information.
Are you sure you want to abandon this character and quit the game? (Confirm with "yes".) ###### ....# #..:######## #PPPPPPPPPPP #PPPPPPPPPPP #PPPPP.....P #PPP@.PPPPP. #PP..PP...PP #P..PP.PPP.P #..PP.PP.PP. #....PP.P.PP #P<..P.PPP.P #P.P.PP.P.PP #P.PP.PP.PP. #PP.PP.PPP.

There were no monsters in sight!

Vanquished Creatures (others)
  6 plants (D:1)
6 creatures vanquished.

Notes
Turn   | Place    | Note
-------+----------+-------------------------------------------
     0 | D:1      | Crownlay the Octopode Earth Elementalist began the quest
                  | for the Orb.
     0 | D:1      | Reached XP level 1. HP: 11/11 MP: 3/3
    33 | D:1      | Upgraded the game from 0.28-a0-1002-gf00fe891ef to
                  | 0.28-a0-1033-g1a2f33fa85
    33 | D:1      | Quit the game

Illustrated notes

Levels and vault maps discovered:
D:1:      roderic_crop_circles_arrival_small, layout_basic, lemuel_flame_loot_1

Action                   || total
-------------------------++-------
Melee: Unarmed           ||    15
       Constrict         ||     7
       Tentacles         ||     5

Table legend: (Time is in decaauts)
 A = Elapsed time spent in this place.
 B = Non-inter-level travel time spent in this place.
 C = Inter-level travel time spent in this place.
 D = Time resting spent in this place.
 E = Time spent auto-exploring this place.
 F = Levels seen in this place.
 G = Mean time per level.
                   A        B        C        D        E       F      G
               +--------+--------+--------+--------+--------+-----+--------+
         Total |     33 |     33 |      0 |      3 |      0 |   1 |   33.0 |
       Dungeon |     33 |     33 |      0 |      3 |      0 |   1 |   33.0 |
               +--------+--------+--------+--------+--------+-----+--------+

Top non-repeatable levels by time:
     D:1: 33 daAuts
